 Dungeon Crawl Stone Soup version 0.27-a0-1529-g1e82c303ef (webtiles) character file.

Game seed: 14881076206182280050

116 bande the Covered (level 5, 0/33 HPs)
             Began as a Gargoyle Fighter on July 11, 2021.
             Slain by a goblin (5 damage)
             ... led by Robin
             ... on level 2 of the Dungeon.
             The game lasted 00:02:40 (2003 turns).

bande the Covered (Gargoyle Fighter)                Turns: 2003, Time: 00:02:41

Health: 0/33       AC: 11    Str: 20    XL:     5   Next: 1%
Magic:  5/5        EV:  7    Int: 14    God:
Gold:   58         SH:  9    Dex: 10    Spells: 4/4 levels left

rFire    + . .     SeeInvis .   a - +0 war axe
rCold    + . .     Faith    .   c - +0 kite shield
rNeg     + . .     Spirit   .   b - +0 scale mail
rPois    ∞         Reflect  .   (no helmet)
rElec    +         Harm     .   (no cloak)
rCorr    +         Rampage  .   (no gloves)
Will     .....                  (no boots)
Stlth    ..........             (no amulet)
HPRegen  0.11/turn              i - +6 ring of intelligence
MPRegen  0.09/turn              (no ring)

@: mighty, resistant, attractive
A: sickness immunity, AC +4, negative energy resistance 1, electricity
resistance, torment resistance 1, petrification resistance
a: no special abilities


You were on level 2 of the Dungeon.
You visited 1 branch of the dungeon, and saw 2 of its levels.

You collected 58 gold pieces.

Inventory:

Hand Weapons
 a - a +0 war axe (weapon)
Armour
 b - a +0 scale mail (worn)
 c - a +0 kite shield (worn)
 e - a +0 tower shield
Jewellery
 i - a +6 ring of intelligence (left hand)


   Skills:
 + Level 3.8 Fighting
 + Level 2.8 Axes
 + Level 4.1 Armour
 + Level 0.7 Dodging
 + Level 4.0 Shields


You had 4 spell levels left.
You didn't know any spells.
Your spell library contained the following spells:

 Spells                   Type           Power      Damage    Failure   Level
 Beastly Appendage        Tmut           0%         N/A       97%         1
 Wereblood                Tmut           0%         N/A       99%         2
 Spider Form              Tmut/Pois      0%         N/A       100%        3


Dungeon Overview and Level Annotations

Branches:
Dungeon (2/15)

Altars:

Annotations:
D:2 Robin


Innate Abilities, Weirdness & Mutations

You are immune to sickness and miasma.
Your stone body is resilient. (AC +4)
You are immune to poison.
You resist negative energy. (rN+)
You are resistant to electric shocks. (rElec)
You are resistant to unholy torment.
You are immune to petrification.


Message History

The goblin is heavily wounded.
You closely miss the goblin. You block the goblin's attack.
The goblin completely misses you. Robin throws the goblin at you!
You block the goblin's attack. The goblin hits you but does no damage.
Unknown command.
You barely miss the goblin.
The goblin is heavily wounded.
You barely miss the goblin. You miss the goblin.
The goblin hits you but does no damage. You block Robin's attack.
You block the goblin's attack.
The goblin hits you but does no damage. x2
Robin throws the goblin at you!
You closely miss the goblin.
The goblin is heavily wounded.
You barely miss the goblin.
Your shield and scale mail prevent you from hitting the goblin.
The goblin no longer looks unusually strong.
The goblin hits you but does no damage. x3; You block Robin's attack.
The goblin hits you with a +0 club.
The goblin hits you but does no damage. x2
Robin hits you from afar with a +0 spear.
* * * LOW HITPOINT WARNING * * *
It was a potion of attraction.
You feel attractive to monsters. The goblin barely misses you.
You block the goblin's attack. The goblin closely misses you.
Robin roars a battlecry!
The goblins go into a battle-frenzy!
Robin is pulled toward you!
It was a potion of resistance.
You feel protected. The goblin hits you but does no damage.
You block the goblin's attack. The goblin closely misses you.
Robin hits you but does no damage.
You feel very mighty all of a sudden.
The goblin hits you but does no damage. x3; Robin hits you but does no damage.
Unknown command.
You barely miss the goblin.
The goblin is heavily wounded.
You barely miss the goblin. You closely miss the goblin.
You closely miss Robin. The goblin hits you but does no damage.
The goblin barely misses you. The goblin hits you with a +0 dagger.
You die...

#. #. #. #. #. #
#. .# #g####.#
## ### #
#g@.#..# #.. ...
#.###gg.# . ...
### ##....#.##
.#.# #......##
##..# .
#.####..###...#
. #
#...#.#..##### .
#............. .
#.#.......######
#
#..........†...#
#


You could see Robin and 3 goblins.

Vanquished Creatures
  Natasha (twice) (D:2)
  An adder (D:1)
  3 endoplasms
  3 giant cockroaches (D:1)
  14 goblins
  2 hobgoblins (D:1)
  2 jackals (D:1)
  6 quokkas
  6 ball pythons (D:1)
  6 bats
  5 kobolds
  3 rats
53 creatures vanquished.

Notes
Turn   | Place    | Note
-------+----------+-------------------------------------------
     0 | D:1      | bande the Gargoyle Fighter began the quest for the Orb.
     0 | D:1      | Reached XP level 1. HP: 14/14 MP: 1/1
     5 | D:1      | You fall into a shaft and drop 1 floor!
   269 | D:1      | Found a faded altar of an unknown god.
   297 | D:1      | Reached XP level 2. HP: 10/19 MP: 2/2
   910 | D:1      | Reached XP level 3. HP: 22/23 MP: 3/3
  1419 | D:2      | Noticed Natasha
  1533 | D:2      | Killed Natasha
  1534 | D:2      | Reached XP level 4. HP: 26/29 MP: 4/4
  1724 | D:2      | Noticed Natasha
  1733 | D:2      | Killed Natasha
  1984 | D:2      | Noticed Robin
  1994 | D:2      | Reached XP level 5. HP: 18/33 MP: 5/5
  2003 | D:2      | Slain by a goblin

Illustrated notes

Levels and vault maps discovered:
D:1:      psy_arrival_dodecagon, layout_loops_ring,
          hellmonk_ecumenical_altar_inner_sanctum
D:2:      layout_loops_ring, uniq_natasha, uniq_robin

Skill      XL: |  1  2  3  4 |
---------------+-------------+-----
Axes           | 2 |  2.8
Armour         | 4 |  4.1
Shields        | 4 |  4.0
Fighting       | |  3.8
Dodging        | |  0.7

Action                   |  1- 3 |  4- 6 || total
-------------------------+-------+-------++-------
Melee: War axe           |   130 |    40 ||   170
  Use: Scroll            |     1 |       ||     1
       Potion            |     2 |     3 ||     5
Armor: Scale mail        |    87 |    51 ||   138
Dodge: Dodged            |    52 |    20 ||    72
Block: Kite shield       |    90 |    31 ||   121

Table legend: (Time is in decaauts)
 A = Elapsed time spent in this place.
 B = Non-inter-level travel time spent in this place.
 C = Inter-level travel time spent in this place.
 D = Time resting spent in this place.
 E = Time spent auto-exploring this place.
 F = Levels seen in this place.
 G = Mean time per level.
                   A        B        C        D        E       F      G
               +--------+--------+--------+--------+--------+-----+--------+
         Total |   2109 |   2109 |      0 |    431 |   1241 |   2 | 1054.5 |
       Dungeon |   2109 |   2109 |      0 |    431 |   1241 |   2 | 1054.5 |
               +--------+--------+--------+--------+--------+-----+--------+

Top non-repeatable levels by time:
     D:1: 1556 daAuts
     D:2: 552 daAuts
